 Dungeon Crawl Stone Soup version 0.31-a0-638-g26219f789d (webtiles) character file.

Game seed: 10605898918202905669

57 Conn the Firebug (level 4, -6/27 HPs)
             Began as an Octopode Fire Elementalist on Aug 27, 2023.
             Killed from afar by an orc wizard (7 damage)
             ... with a magic dart
             ... on level 3 of the Dungeon.
             The game lasted 00:04:37 (1234 turns).

Conn the Firebug (Octopode Fire Elementalist)       Turns: 1234, Time: 00:04:38

Health: -6/27      AC:  1    Str:  7    XL:     4   Next: 0%
Magic:  1/7        EV: 13    Int: 19    God:
Gold:   69         SH:  0    Dex: 12    Spells: 5/8 levels left

rFire   . . .        d - +0 short sword
rCold   . . .        (no shield)
rNeg    . . .        (helmet restricted)
rPois   .            (no amulet)
rElec   .            (no ring)
rCorr   .            (no ring)
SInv    .            (no ring)
Will    .....        (no ring)
Stlth   +++          (no ring)
HPRegen 0.24/turn    (no ring)
MPRegen 0.10/turn    (no ring)
                     (no ring)

%: no passive effects
@: hasted, very quick
A: almost no armour, amphibious, 8 rings, camouflage 1, gelatinous body 1,
(nimble swimmer 1), tentacles
a: no special abilities


You were on level 3 of the Dungeon.
You visited 1 branch of the dungeon, and saw 3 of its levels.

You collected 69 gold pieces.

Inventory:

Hand Weapons
 d - a +0 short sword (weapon)
Armour
 c - a +0 kite shield
 g - an orb of light
Scrolls
 f - a scroll of acquirement
Potions
 a - a potion of magic


   Skills:
 + Level 0.1 Short Blades
 + Level 2.2 Dodging
 + Level 3.5 Stealth
 + Level 2.5 Spellcasting
 + Level 1.4 Conjurations
 + Level 3.6 Fire Magic


You had 5 spell levels left.
You knew the following spells:

 Your Spells              Type           Power      Damage    Failure   Level
a - Foxfire               Conj/Fire      48%        2x1d6     5%          1
b - Scorch                Fire           32%        2d6       5%          2

Your spell library contained the following spells:

 Spells                   Type           Power      Damage    Failure   Level
 Inner Flame              Hex/Fire       9%         N/A       22%         3
 Volatile Blastmotes      Fire/Tloc      18%        2d11      22%         3
 Flame Wave               Conj/Fire      12%        2d6       50%         4


Dungeon Overview and Level Annotations

Branches:
Dungeon (2/15)

Altars:


Innate Abilities, Weirdness & Mutations

You cannot wear most types of armour.
You are amphibious.
You can wear up to eight rings at the same time.
Your skin changes colour to match your surroundings (Stealth+).
Your rubbery body absorbs attacks. (AC +1, EV +1)
((You are camouflaged when in or above water. (Stealth+)))
You have tentacles for arms and can constrict up to eight enemies at once.


Message History

You have reached level 4!
Unknown command.
Unknown command.
Unknown command.
Unknown command.
Deactivating autopickup; reactivate with Ctrl-A.
You miss something. Something hits you but does no damage.
You closely miss something. Something barely misses you. Something hits you.
Unknown command.
Unknown command.
As you read the scroll labelled ITO BUETILA, it crumbles to dust.
Your body is wracked with pain!
Something is bathed in an unholy light! x2
It was a scroll of torment.
Something barely misses you. Something hits you.
The air fills with toxic fumes!
As you read the scroll labelled AGANASH QABLAD, it crumbles to dust.
It was a scroll of poison.
Something hits you. x2
* * * LOW HITPOINT WARNING * * *
It was a potion of haste.
You feel yourself speed up. Something barely misses you. Something hits you.
* * * LOW HITPOINT WARNING * * *
Unknown command.
As you read the scroll labelled JILIFF OQERR, it crumbles to dust.
You hear a loud clanging noise!
It was a scroll of noise.
You hear a shout! x2
As you read the scroll labelled ZIULALL LOTH, it crumbles to dust.
You feel aware of your surroundings.
You sensed 4 altars, and 1 shop/portal.
It was a scroll of revelation.
A goblin comes into view. It is wielding a +0 club.
The orc wizard completely misses you. The orc wizard barely misses you.
Found a shortbow.
Okay, then.
Okay, then.
This is a scroll of acquirement!
Something appears before you! Something hits you.
* * * LOW HITPOINT WARNING * * *
You hear some strange, mumbled words.
A magic dart appears from out of thin air!
The magic dart hits you!
You die...

*,**,***,*
#.........,,,,,,, *,**,*
*,########§########**,****
*,**,***,########§######
*,,,,,
*,**,,,,,......§§§######
******
*,**,,**,#######§§######
*,,,,
*,**,,**,#######§§######
*,***
*,,,,,,,,......§§§######
*,*
****,,**#§######{§######
*,* *,,*
#§§§§§§{@§######*****,*
****,,*
########§##.....,,,,*,*
,,,,,,*
#######§##.####***,*,*
****,,* #######§§...###
*,*,* *,,*
#######§##..###***,*,*
*,,*
#######§##).###,,,,,,*
****
#######§##g.###,**,***
#######§##..###,**,*
*,,,,,,,,,**,*****


There were no monsters in sight!

Vanquished Creatures
  An orc wizard (D:3)
  2 orcs (D:3)
  2 bats (D:1)
  2 endoplasms
  3 giant cockroaches (D:1)
  A hobgoblin (D:2)
  3 quokkas
  4 ball pythons (D:1)
  A frilled lizard (D:1)
  3 goblins
  4 kobolds
  2 rats (D:1)
28 creatures vanquished.

Vanquished Creatures (collateral kills)
  A foxfire (D:3)
1 creature vanquished.

Vanquished Creatures (others)
  60 foxfires
60 creatures vanquished.

Grand Total: 89 creatures vanquished

Notes
Turn   | Place    | Note
-------+----------+-------------------------------------------
     0 | D:1      | Conn the Octopode Fire Elementalist began the quest for the
                  | Orb.
     0 | D:1      | Reached XP level 1. HP: 11/11 MP: 3/3
   252 | D:1      | Reached XP level 2. HP: 17/17 MP: 5/5
   263 | D:1      | Learned a level 2 spell: Scorch
  1053 | D:2      | Reached XP level 3. HP: 21/21 MP: 3/6
  1208 | D:2      | You fall into a shaft and drop 1 floor!
  1227 | D:3      | Reached XP level 4. HP: 27/27 MP: 0/7
  1234 | D:3      | Identified 2 scrolls of acquirement
  1234 | D:3      | Acquired the staff of Eternal Harmony {rPois Will+ Stlth+
                  | Poison}
  1234 | D:3      | HP: 1/27 [something (3)]
  1234 | D:3      | Killed from afar by an orc wizard

Illustrated notes

Levels and vault maps discovered:
D:1:      kennysheep_arrival_seaside, layout_loops_cross
D:2:      layout_basic, shapermc_ecumenical_altar_gd, kennysheep_generic_room_9
D:3:      layout_loops_ring, nicolae_overflow_macrodata_refinement,
          serial_shops, nicolae_shop_stone

Skill      XL: |  1  2  3 |
---------------+----------+-----
Stealth        | 3 |  3.5
Short Blades   | |  0.1
Dodging        | |  2.2
Spellcasting   | |  2.5
Conjurations   | |  1.4
Fire Magic     | |  3.6

Action                     |  1- 3 |  4- 6 || total
---------------------------+-------+-------++-------
  Melee: Short sword       |    20 |     2 ||    22
         Constrict         |     5 |       ||     5
         Tentacles         |     4 |       ||     4
         Unarmed           |     1 |       ||     1
   Cast: Foxfire           |    35 |       ||    35
         Scorch            |     1 |       ||     1
    Use: Scroll            |       |     5 ||     5
         Potion            |       |     1 ||     1
   Stab: Sleeping          |     6 |       ||     6
 Armour: Skin              |     1 |     1 ||     2
  Dodge: Dodged            |    14 |     5 ||    19

Table legend: (Time is in decaauts)
 A = Elapsed time spent in this place.
 B = Non-inter-level travel time spent in this place.
 C = Inter-level travel time spent in this place.
 D = Time resting spent in this place.
 E = Time spent auto-exploring this place.
 F = Levels seen in this place.
 G = Mean time per level.
                   A        B        C        D        E       F      G
               +--------+--------+--------+--------+--------+-----+--------+
         Total |   1232 |   1199 |     33 |      0 |    847 |   3 |  410.7 |
       Dungeon |   1232 |   1199 |     33 |      0 |    847 |   3 |  410.7 |
               +--------+--------+--------+--------+--------+-----+--------+

Top non-repeatable levels by time:
     D:1: 989 daAuts
     D:2: 217 daAuts
     D:3: 25 daAuts
